Predators vs Kings (R1)

Created - 16 avril 2016 at 22:29

Goals
1 2 3 T
Predators 1 2 1 4
Kings 2 0 0 2
Shots
1 2 3 T
Predators 10 10 12 32
Kings 11 11 7 29

1st period

1. Predators , Christian Ehrhoff 3 (Alexander Ovechkin, Frans Nielsen) at 6:37 (PP)
2. Kings , Anze Kopitar 40 (Daniel Briere) at 11:46
3. Kings , Jordan Nolan 11 (Andrew Cogliano) at 13:28 (PP)

Penalties :
Anze Kopitar (LAK) for Tripping (Minor) at 6:19, Josef Vasicek (Nas) for Tripping (Minor) at 12:30, Adam Burish (Nas) for Hooking (Minor) at 13:31, Vaclav Varada (Nas) for Hooking (Minor) at 17:17, Max Pacioretty (LAK) for Goalie Interference (Minor) at 18:15

2nd period

4. Predators , Chris Kelly 16 (Alexander Steen, Alexander Edler) at 18:24 (SH)
5. Predators , Frans Nielsen 10 (Alexander Edler, Alexander Ovechkin) at 18:38 (SH)

Penalties :
Vaclav Varada (Nas) for Holding (Minor) at 1:14, Max Pacioretty (LAK) for Goalie Interference (Minor) at 7:28, Barret Jackman (Nas) for Hooking (Minor) at 16:54

3rd period

6. Predators , Frans Nielsen 11 (Ryan Mcdonagh, Alexander Ovechkin) at 7:25

Penalties :
Andrej Sekera (LAK) for Hooking (Minor) at 0:48, Greg Campbell (LAK) for Hooking (Minor) at 0:52, Kris Vernarsky (Nas) for Roughing (Minor) at 9:55, Jonas Hoglund (LAK) for Slashing (Minor) at 17:06, Frans Nielsen (Nas) for Hooking (Minor) at 17:12

Goalie Stats

Chad Johnson (Nas), 27 saves from 29 shots - (0,931), W, 8-6-2, 60:00 minutes
Jean-Sébastien Giguère (LAK), 28 saves from 32 shots - (0,875), L, 3-7-1, 60:00 minutes

Players Stats for Predators

Player Name              G  A  P  +/- PIM S  H  SB GA TA FO     MP     PP MP  PK MP  
------------------------------------------------------------------------------------
Adam Burish              0  0  0   1  2   2  3  0  0  0  0/1    16:47   2:48   0:00 
Alexander Edler          0  2  2   2  0   5  2  1  1  0  0/0    29:08   4:00   5:40 
Alexander Ovechkin       0  3  3   2  0   8  1  1  1  0  5/5    24:26   3:33   5:40 
Alexander Steen          0  1  1   1  0   2  1  0  0  0  0/0    13:51   1:50   1:21 
Andrei Markov            0  0  0   1  0   1  4  0  1  1  0/0    15:00   1:24   0:00 
Barret Jackman           0  0  0  -1  2   0  2  0  0  0  0/0    15:17   0:00   3:34 
Chris Kelly              1  0  1   1  0   1  0  0  0  0  4/12    9:21   0:00   1:45 
Christian Ehrhoff        1  0  1   0  0   4  0  0  0  1  0/0    20:02   3:17   0:44 
Eric Nystrom             0  0  0   0  0   1  0  0  0  1  1/1    11:18   0:00   3:21 
Erik Rasmussen           0  0  0  -1  0   0  0  0  0  0  0/1    10:05   0:00   0:00 
Frans Nielsen            2  1  3   2  2   6  4  0  0  0  17/37  23:38   3:30   5:17 
James Van Riemsdyk       0  0  0  -1  0   1  1  0  0  0  0/0    10:42   0:00   0:03 
John Moore               0  0  0  -1  0   0  3  0  0  0  0/0    14:59   0:00   4:18 
Josef Vasicek            0  0  0   0  2   0  1  0  0  0  0/0    15:22   1:50   2:29 
Kris Vernarsky           0  0  0   0  2   1  0  0  0  0  6/11   11:24   0:04   0:00 
Michael Grabner          0  0  0   0  0   0  0  0  0  0  1/1     9:09   1:50   0:00 
Ryan Mcdonagh            0  1  1   3  0   0  0  1  0  1  0/0    25:43   2:07   5:40 
Vaclav Varada            0  0  0  -1  4   0  1  0  0  0  0/0    10:49   0:46   0:00 

Players Stats for Kings

Player Name              G  A  P  +/- PIM S  H  SB GA TA FO     MP     PP MP  PK MP  
------------------------------------------------------------------------------------
Andrej Sekera            0  0  0   1  2   1  2  0  0  0  0/0    23:22   1:10   2:20 
Andrew Cogliano          0  1  1  -2  0   3  4  0  0  0  0/0    17:17   4:24   0:25 
Anze Kopitar             1  0  1   0  2   4  2  0  0  1  8/19   21:58   5:32   0:58 
Daniel Briere            0  1  1   1  0   3  5  0  0  0  1/1    14:23   0:02   0:40 
Drew Doughty             0  0  0  -2  0   6  0  3  1  0  0/0    28:49   6:32   1:12 
Greg Campbell            0  0  0   0  2   2  0  0  0  0  8/9     9:43   0:02   2:16 
Johnny Oduya             0  0  0  -1  0   0  4  0  1  1  0/0    21:35   3:26   1:56 
Jonas Hoglund            0  0  0   0  2   2  0  0  1  0  0/0    10:22   0:08   0:40 
Jordan Leopold           0  0  0  -1  0   1  2  2  1  0  0/0    23:30   3:20   1:58 
Jordan Nolan             1  0  1  -1  0   1  2  2  0  0  10/17  15:43   4:18   1:21 
Luke Schenn              0  0  0   0  0   0  0  2  0  0  0/0     1:42   0:00   0:00 
Martin Samuelsson        0  0  0   0  0   1  2  0  0  0  1/1     9:16   0:00   2:17 
Matt Duchene             0  0  0  -2  0   2  1  0  0  0  7/18   18:34   5:38   0:08 
Max Pacioretty           0  0  0   0  4   2  1  0  0  0  0/0    17:44   4:17   0:00 
Rob Scuderi              0  0  0  -1  0   0  1  2  0  1  0/0    20:56   5:28   3:26 
Scottie Upshall          0  0  0   0  0   0  0  0  0  0  0/1     9:13   0:00   0:00 
Shane Doan               0  0  0   0  0   1  1  0  0  0  0/0     6:28   0:00   0:00 
Vladimir Tarasenko       0  0  0  -2  0   0  1  0  0  0  0/3    19:06   5:32   0:03 

3 Stars

1 - Frans Nielsen (Nas)
2 - Alexander Ovechkin (Nas)
3 - Alexander Edler (Nas)

Power Play

Predators - 1 on 6 Attempt(s) - 16,67%
Kings - 1 on 7 Attempt(s) - 14,29%

Penalty Kill

Predators - 6 on 7 Attempt(s) - 85,71% - Score 2 goal in Penalty Kill
Kings - 5 on 6 Attempt(s) - 83,33% - Score 0 goal in Penalty Kill

Team Stat

Predators - Hits : 23 - Faceoff Wins : 34 - Blocked Shots : 3 - Penalty Minutes : 14
Kings - Hits : 28 - Faceoff Wins : 35 - Blocked Shots : 11 - Penalty Minutes : 12

Official

Referees : StPierre Justin and Martell Rob
Linesman : Ryan Galloway and Darren Gibbs

Game Notes

Luke Schenn is injured at 5:49 of 1st period (Back Surgery)

Finance

Level 1 -- Attendance: 5825 (97,08%) -- Ticket Income 378 625 $
Level 2 -- Attendance: 4754 (95,08%) -- Ticket Income 190 160 $
Level 3 -- Attendance: 1948 (97,40%) -- Ticket Income 38 960 $
Level 4 -- Attendance: 3778 (94,45%) -- Ticket Income 56 670 $
Luxury Box -- Attendance: 924 (92,40%) -- Ticket Income 115 500 $
Game was played at the Staples Center.
Total Attendance: 17229 (95,72%)
Total Ticket Income: 779 915 $
Other Income: 116 987 $
Total Income: 896 902 $

Predators

5 vs 5 Forward 
   Center                   Left Wing                Right Wing               Time % Phy DF OF 
 1 Frans Nielsen            Alexander Ovechkin       Adam Burish              40     1   2  2  
 2 Kris Vernarsky           Alexander Steen          Josef Vasicek            30     2   1  2  
 3 Chris Kelly              Eric Nystrom             Michael Grabner          20     1   2  2  
 4 Erik Rasmussen           James Van Riemsdyk       Vaclav Varada            10     1   2  2  

5 vs 5 Defense 
   Defense                  Defense                                           Time % Phy DF OF 
 1 Christian Ehrhoff        Alexander Edler                                   40     1   2  2  
 2 Andrei Markov            Ryan Mcdonagh                                     30     1   2  2  
 3 John Moore               Barret Jackman                                    20     1   2  2  
 4 Alexander Edler          Ryan Mcdonagh                                     10     1   2  2  

PowerPlay Forward 
   Center                   Left Wing                Right Wing               Time % Phy DF OF 
 1 Frans Nielsen            Alexander Ovechkin       Adam Burish              60     1   1  3  
 2 Josef Vasicek            Alexander Steen          Michael Grabner          40     1   1  3  

PowerPlay Defense
   Defense                  Defense                                           Time % Phy DF OF 
 1 Christian Ehrhoff        Alexander Edler                                   60     1   2  2  
 2 Andrei Markov            Ryan Mcdonagh                                     40     1   2  2  

Penalty Kill 4 Players Forward 
   Center                   Wing                     Time % Phy DF OF 
 1 Frans Nielsen            Alexander Ovechkin       60     1   2  2  
 2 Josef Vasicek            Eric Nystrom             40     1   2  2  

Penalty Kill 4 Players Defense
   Defense                  Defense                  Time % Phy DF OF 
 1 Alexander Edler          Ryan Mcdonagh            60     1   2  2  
 2 John Moore               Barret Jackman           40     1   2  2  

Penalty Kill - 3 Players Forward 
   Forward                                           Time % Phy DF OF 
 1 Frans Nielsen                                     60     1   2  2  
 2 Josef Vasicek                                     40     1   2  2  

Penalty Kill - 3 Players Defense
   Defense                  Defense                  Time % Phy DF OF 
 1 Alexander Edler          Ryan Mcdonagh            60     1   2  2  
 2 John Moore               Barret Jackman           40     1   2  2  

4 vs 4 Forward 
   Center                   Wing                     Time % Phy DF OF 
 1 Frans Nielsen            Alexander Ovechkin       60     1   2  2  
 2 Josef Vasicek            Adam Burish              40     1   2  2  

4 vs 4 Defense
   Defense                  Defense                  Time % Phy DF OF 
 1 Alexander Edler          Ryan Mcdonagh            60     1   2  2  
 2 Christian Ehrhoff        Barret Jackman           40     1   2  2  

Last Minutes Offensive
   Center                   Left Wing                Right Wing               Defense                  Defense                  
   Frans Nielsen            Alexander Ovechkin       Adam Burish              Alexander Edler          Ryan Mcdonagh            

Last Minutes Defensive
   Center                   Left Wing                Right Wing               Defense                  Defense                  
   Frans Nielsen            Alexander Ovechkin       Adam Burish              Alexander Edler          Ryan Mcdonagh            

Goaltenders
Starting : Chad Johnson             
Backup : Maxime Daigneault        

Extra Forwards
Normal : Kris Vernarsky, Josef Vasicek, Alexander Steen - PP : Kris Vernarsky, Josef Vasicek - PK : Eric Nystrom
Extra Defensemen
Normal : Christian Ehrhoff, Barret Jackman, John Moore - PP : Christian Ehrhoff - PK : Christian Ehrhoff, Andrei Markov
Penalty Shots
Alexander Ovechkin, Frans Nielsen, Alexander Steen, Adam Burish, Kris Vernarsky

Kings

5 vs 5 Forward 
   Center                   Left Wing                Right Wing               Time % Phy DF OF 
 1 Anze Kopitar             Max Pacioretty           Daniel Briere            35     1   1  3  
 2 Matt Duchene             Andrew Cogliano          Vladimir Tarasenko       30     0   3  2  
 3 Jordan Nolan             Scottie Upshall          Jonas Hoglund            25     2   1  2  
 4 Greg Campbell            Martin Samuelsson        Shane Doan               10     1   3  1  

5 vs 5 Defense 
   Defense                  Defense                                           Time % Phy DF OF 
 1 Drew Doughty             Jordan Leopold                                    40     1   3  1  
 2 Johnny Oduya             Luke Schenn                                       40     1   3  1  
 3 Andrej Sekera            Rob Scuderi                                       20     1   3  1  
 4 Drew Doughty             Jordan Leopold                                    0      1   4  0  

PowerPlay Forward 
   Center                   Left Wing                Right Wing               Time % Phy DF OF 
 1 Matt Duchene             Anze Kopitar             Vladimir Tarasenko       60     0   1  4  
 2 Jordan Nolan             Andrew Cogliano          Max Pacioretty           40     0   1  4  

PowerPlay Defense
   Defense                  Defense                                           Time % Phy DF OF 
 1 Drew Doughty             Luke Schenn                                       60     0   3  2  
 2 Johnny Oduya             Jordan Leopold                                    40     0   3  2  

Penalty Kill 4 Players Forward 
   Center                   Wing                     Time % Phy DF OF 
 1 Greg Campbell            Martin Samuelsson        60     0   4  1  
 2 Daniel Briere            Jonas Hoglund            40     0   4  1  

Penalty Kill 4 Players Defense
   Defense                  Defense                  Time % Phy DF OF 
 1 Andrej Sekera            Rob Scuderi              60     1   4  0  
 2 Jordan Leopold           Johnny Oduya             40     1   4  0  

Penalty Kill - 3 Players Forward 
   Forward                                           Time % Phy DF OF 
 1 Greg Campbell                                     60     0   4  1  
 2 Anze Kopitar                                      40     0   4  1  

Penalty Kill - 3 Players Defense
   Defense                  Defense                  Time % Phy DF OF 
 1 Andrej Sekera            Rob Scuderi              60     1   4  0  
 2 Johnny Oduya             Jordan Leopold           40     1   4  0  

4 vs 4 Forward 
   Center                   Wing                     Time % Phy DF OF 
 1 Anze Kopitar             Vladimir Tarasenko       60     1   2  2  
 2 Matt Duchene             Daniel Briere            40     1   2  2  

4 vs 4 Defense
   Defense                  Defense                  Time % Phy DF OF 
 1 Drew Doughty             Jordan Leopold           60     1   2  2  
 2 Johnny Oduya             Luke Schenn              40     1   2  2  

Last Minutes Offensive
   Center                   Left Wing                Right Wing               Defense                  Defense                  
   Matt Duchene             Anze Kopitar             Daniel Briere            Drew Doughty             Johnny Oduya             

Last Minutes Defensive
   Center                   Left Wing                Right Wing               Defense                  Defense                  
   Anze Kopitar             Martin Samuelsson        Jonas Hoglund            Rob Scuderi              Jordan Leopold           

Goaltenders
Starting : Jean-Sébastien Giguère   
Backup : Robin Lehner             

Extra Forwards
Normal : Anze Kopitar, Matt Duchene, Jordan Nolan - PP : Greg Campbell, Daniel Briere - PK : Jordan Nolan
Extra Defensemen
Normal : Drew Doughty, Johnny Oduya, Luke Schenn - PP : Rob Scuderi - PK : Luke Schenn, Drew Doughty
Penalty Shots
Anze Kopitar, Daniel Briere, Jonas Hoglund, Andrew Cogliano, Greg Campbell

% Time on Ice - Predators

Lines # - Real PCT - Wanted PCT - Time Play
Normal Forward
1 - 33% - 40% - 13:53
2 - 25% - 30% - 10:27
3 - 18% - 20% - 7:19
4 - 24% - 10% - 10:05
Normal Defense
1 - 38% - 40% - 15:55
2 - 33% - 30% - 13:36
3 - 26% - 20% - 10:41
4 - 4% - 10% - 1:32
PP Forward
1 - 66% - 60% - 3:34
2 - 34% - 40% - 1:50
PP Defense
1 - 74% - 60% - 4:00
2 - 26% - 40% - 1:24
PK Forward
1 - 72% - 60% - 7:13
2 - 28% - 40% - 2:45
PK Defense
1 - 57% - 60% - 5:40
2 - 43% - 40% - 4:18
PK3 Forward
1 - 0% - 60%
2 - 0% - 40%
PK3 Defense
1 - 0% - 60%
2 - 0% - 40%
44 Forward
1 - 100% - 60% - 2:54
2 - 0% - 40% - 0:00
44 Defense
1 - 70% - 60% - 2:01
2 - 30% - 40% - 0:53
Last Minute Offensive  - 0:00
Last Minute Defensive  - 0:00
Total
Forward - 60:00
Defense - 60:00

% Time on Ice - Kings

Lines # - Real PCT - Wanted PCT - Time Play
Normal Forward
1 - 34% - 35% - 14:18
2 - 28% - 30% - 11:45
3 - 22% - 25% - 9:13
4 - 15% - 10% - 6:28
Normal Defense
1 - 36% - 40% - 15:03
2 - 45% - 40% - 18:42
3 - 19% - 20% - 7:59
4 - 0% - 0% - 0:00
PP Forward
1 - 57% - 60% - 5:40
2 - 43% - 40% - 4:18
PP Defense
1 - 66% - 60% - 6:32
2 - 34% - 40% - 3:26
PK Forward
1 - 81% - 60% - 2:49
2 - 19% - 40% - 0:40
PK Defense
1 - 70% - 60% - 2:27
2 - 30% - 40% - 1:02
PK3 Forward
1 - 100% - 60% - 1:55
2 - 0% - 40% - 0:00
PK3 Defense
1 - 70% - 60% - 1:20
2 - 30% - 40% - 0:35
44 Forward
1 - 98% - 60% - 2:50
2 - 2% - 40% - 0:04
44 Defense
1 - 68% - 60% - 1:59
2 - 32% - 40% - 0:55
Last Minute Offensive  - 0:00
Last Minute Defensive  - 0:00
Total
Forward - 60:00
Defense - 60:00

Play by Play

1st period


0:01 of 1st period - Frans Nielsen wins face-off versus Anze Kopitar in neutral zone.
0:08 of 1st period - Slapshot by Alexander Ovechkin.
0:08 of 1st period - Shot Blocked by Drew Doughty.
0:58 of 1st period - Christian Ehrhoff is hit by Johnny Oduya.
1:28 of 1st period - Slapshot by Alexander Edler.
1:28 of 1st period - Shot Misses the Net.
1:30 of 1st period - Slapshot by Alexander Edler.
1:30 of 1st period - Shot Blocked by Rob Scuderi.
1:39 of 1st period - Snap shot by Vaclav Varada.
1:39 of 1st period - Shot Misses the Net.
1:53 of 1st period - Snap shot by Jonas Hoglund.
1:53 of 1st period - Stopped by Chad Johnson with a rebound.
1:55 of 1st period - Slapshot by Andrej Sekera.
1:55 of 1st period - Shot Misses the Net.
1:59 of 1st period - Slapshot by Jonas Hoglund.
1:59 of 1st period - Stopped by Chad Johnson with a rebound.
2:32 of 1st period - Icing by Drew Doughty.
2:33 of 1st period - Greg Campbell wins face-off versus Frans Nielsen in Kings zone.
2:33 of 1st period - Greg Campbell is hit by Frans Nielsen.
3:41 of 1st period - Wrist shot by Andrew Cogliano.
3:41 of 1st period - Deflect By Vladimir Tarasenko.
3:41 of 1st period - Shot Misses the Net.
3:41 of 1st period - Puck is out of play.
3:42 of 1st period - Frans Nielsen wins face-off versus Matt Duchene in Predators zone.
5:25 of 1st period - Snap shot by Alexander Ovechkin.
5:25 of 1st period - Shot Blocked by Jordan Nolan.
5:27 of 1st period - Snap shot by Adam Burish.
5:27 of 1st period - Deflect By Frans Nielsen.
5:27 of 1st period - Shot Misses the Net.
5:27 of 1st period - Puck is out of play.
5:28 of 1st period - Jordan Nolan wins face-off versus Frans Nielsen in Kings zone.
5:45 of 1st period - Snap shot by Alexander Ovechkin.
5:45 of 1st period - Shot Misses the Net.
5:47 of 1st period - Snap shot by Alexander Ovechkin.
5:47 of 1st period - Shot Blocked by Luke Schenn.
5:49 of 1st period - Slapshot by Andrei Markov.
5:49 of 1st period - Shot Blocked by Luke Schenn.
5:49 of 1st period - Luke Schenn from Kings is injured at 5:49 of 1st period (Back Surgery).
5:50 of 1st period - Anze Kopitar wins face-off versus Frans Nielsen in Kings zone.
5:55 of 1st period - Slapshot by Drew Doughty.
5:55 of 1st period - Stopped by Chad Johnson without a rebound.
5:56 of 1st period - Frans Nielsen wins face-off versus Anze Kopitar in Predators zone.
6:03 of 1st period - Snap shot by Alexander Ovechkin.
6:03 of 1st period - Shot Misses the Net.
6:05 of 1st period - Snap shot by Alexander Ovechkin.
6:05 of 1st period - Stopped by Jean-Sébastien Giguère with a rebound.
6:07 of 1st period - Wrist shot by Alexander Ovechkin.
6:07 of 1st period - Stopped by Jean-Sébastien Giguère with a rebound.
6:09 of 1st period - Backhand shot by Adam Burish.
6:09 of 1st period - Shot Blocked by Drew Doughty.
6:19 of 1st period - Minor Penalty to Anze Kopitar for Tripping.
6:20 of 1st period - Greg Campbell wins face-off versus Frans Nielsen in Kings zone.
6:33 of 1st period - Wrist shot by Alexander Ovechkin.
6:33 of 1st period - Shot Misses the Net.
6:35 of 1st period - Slapshot by Christian Ehrhoff.
6:35 of 1st period - Stopped by Jean-Sébastien Giguère with a rebound.
6:37 of 1st period - Slapshot by Christian Ehrhoff.
6:37 of 1st period - Goal by Christian Ehrhoff - Predators : 1 - Kings : 0.
6:38 of 1st period - Daniel Briere wins face-off versus Kris Vernarsky in neutral zone.
6:43 of 1st period - Snap shot by Daniel Briere.
6:43 of 1st period - Shot Misses the Net.
6:53 of 1st period - Wrist shot by Alexander Steen.
6:53 of 1st period - Stopped by Jean-Sébastien Giguère without a rebound.
6:54 of 1st period - Jordan Nolan wins face-off versus Chris Kelly in Kings zone.
6:54 of 1st period - Jordan Nolan is hit by Andrei Markov.
7:20 of 1st period - Alexander Ovechkin is hit by Daniel Briere and loses puck.
7:45 of 1st period - Matt Duchene is hit by John Moore and loses puck.
8:31 of 1st period - Alexander Edler is hit by Daniel Briere and loses puck.
8:50 of 1st period - Jonas Hoglund is hit by James Van Riemsdyk and loses puck.
9:22 of 1st period - Andrew Cogliano is hit by Adam Burish and loses puck.
9:37 of 1st period - Wrist shot by Martin Samuelsson.
9:37 of 1st period - Stopped by Chad Johnson without a rebound.
9:38 of 1st period - Martin Samuelsson wins face-off versus Kris Vernarsky in Predators zone.
10:03 of 1st period - Snap shot by Alexander Steen.
10:03 of 1st period - Shot Misses the Net.
10:05 of 1st period - Slapshot by Christian Ehrhoff.
10:05 of 1st period - Stopped by Jean-Sébastien Giguère with a rebound.
10:07 of 1st period - Backhand shot by Christian Ehrhoff.
10:07 of 1st period - Deflect By Chris Kelly.
10:07 of 1st period - Shot Misses the Net.
10:07 of 1st period - Puck is out of play.
10:08 of 1st period - Anze Kopitar wins face-off versus Chris Kelly in Kings zone.
10:45 of 1st period - Wrist shot by Alexander Ovechkin.
10:45 of 1st period - Stopped by Jean-Sébastien Giguère without a rebound.
10:46 of 1st period - Kris Vernarsky wins face-off versus Matt Duchene in Kings zone.
10:53 of 1st period - Wrist shot by Vladimir Tarasenko.
10:53 of 1st period - Shot Misses the Net.
10:55 of 1st period - Snap shot by Andrej Sekera.
10:55 of 1st period - Deflect By Andrei Markov.
10:55 of 1st period - Stopped by Chad Johnson with a rebound.
10:59 of 1st period - Backhand shot by Vladimir Tarasenko.
10:59 of 1st period - Shot Misses the Net.
11:11 of 1st period - Frans Nielsen is hit by Andrej Sekera and loses puck.
11:46 of 1st period - Slapshot by Anze Kopitar.
11:46 of 1st period - Goal by Anze Kopitar - Predators : 1 - Kings : 1.
11:47 of 1st period - Jordan Nolan wins face-off versus Frans Nielsen in neutral zone.
11:54 of 1st period - Snap shot by Drew Doughty.
11:54 of 1st period - Deflect By Alexander Ovechkin.
11:54 of 1st period - Stopped by Chad Johnson with a rebound.
11:56 of 1st period - Slapshot by Jordan Leopold.
11:56 of 1st period - Stopped by Chad Johnson without a rebound.
11:57 of 1st period - Frans Nielsen wins face-off versus Jordan Nolan in Predators zone.
12:08 of 1st period - Slapshot by Alexander Ovechkin.
12:08 of 1st period - Stopped by Jean-Sébastien Giguère without a rebound.
12:09 of 1st period - Kris Vernarsky wins face-off versus Matt Duchene in Kings zone.
12:30 of 1st period - Minor Penalty to Josef Vasicek for Tripping.
12:31 of 1st period - Matt Duchene wins face-off versus Frans Nielsen in Predators zone.
12:39 of 1st period - Icing by Drew Doughty.
12:40 of 1st period - Alexander Ovechkin wins face-off versus Matt Duchene in Kings zone.
13:22 of 1st period - Off-side.
13:23 of 1st period - Jordan Nolan wins face-off versus Chris Kelly in neutral zone.
13:28 of 1st period - Slapshot by Jordan Nolan.
13:28 of 1st period - Goal by Jordan Nolan - Predators : 1 - Kings : 2.
13:29 of 1st period - Frans Nielsen wins face-off versus Anze Kopitar in neutral zone.
13:31 of 1st period - Minor Penalty to Adam Burish for Hooking.
13:32 of 1st period - Matt Duchene wins face-off versus Frans Nielsen in Predators zone.
13:34 of 1st period - Snap shot by Drew Doughty.
13:34 of 1st period - Stopped by Chad Johnson with a rebound.
15:31 of 1st period - Penalty to Adam Burish is over, Adam Burish is back on ice.
16:22 of 1st period - Slapshot by Alexander Steen.
16:22 of 1st period - Stopped by Jean-Sébastien Giguère without a rebound.
16:23 of 1st period - Kris Vernarsky wins face-off versus Jordan Nolan in Kings zone.
16:32 of 1st period - Slapshot by Kris Vernarsky.
16:32 of 1st period - Stopped by Jean-Sébastien Giguère with a rebound.
17:11 of 1st period - Wrist shot by Vladimir Tarasenko.
17:11 of 1st period - Shot Misses the Net.
17:17 of 1st period - Minor Penalty to Vaclav Varada for Hooking.
17:18 of 1st period - Frans Nielsen wins face-off versus Vladimir Tarasenko in Predators zone.
17:18 of 1st period - Frans Nielsen is hit by Jordan Leopold.
18:15 of 1st period - Minor Penalty to Max Pacioretty for Goalie Interference.
18:16 of 1st period - Anze Kopitar wins face-off versus Frans Nielsen in Kings zone.
18:27 of 1st period - Slapshot by Anze Kopitar.
18:27 of 1st period - Stopped by Chad Johnson without a rebound.
18:28 of 1st period - Alexander Ovechkin wins face-off versus Anze Kopitar in Predators zone.
18:35 of 1st period - Wrist shot by Frans Nielsen.
18:35 of 1st period - Shot Misses the Net.
18:51 of 1st period - Alexander Ovechkin is hit by Vladimir Tarasenko and loses puck.
19:17 of 1st period - Penalty to Vaclav Varada is over, Vaclav Varada is back on ice.
Goals for this period are 1 for Predators vs 2 for Kings.
Shots for this period are 10 for Predators vs 11 for Kings.

2nd period


0:01 of 2nd period - Frans Nielsen wins face-off versus Greg Campbell in neutral zone.
0:04 of 2nd period - Slapshot by Alexander Edler.
0:04 of 2nd period - Deflect By Frans Nielsen.
0:04 of 2nd period - Shot Blocked by Rob Scuderi.
0:04 of 2nd period - Puck is out of play.
0:05 of 2nd period - Greg Campbell wins face-off versus Frans Nielsen in Kings zone.
0:15 of 2nd period - Penalty to Max Pacioretty is over, Max Pacioretty is back on ice.
0:24 of 2nd period - Snap shot by Max Pacioretty.
0:24 of 2nd period - Stopped by Chad Johnson without a rebound.
0:25 of 2nd period - Anze Kopitar wins face-off versus Chris Kelly in Predators zone.
0:32 of 2nd period - Snap shot by Max Pacioretty.
0:32 of 2nd period - Shot Misses the Net.
0:52 of 2nd period - Ryan Mcdonagh is hit by Andrew Cogliano and loses puck.
1:14 of 2nd period - Minor Penalty to Vaclav Varada for Holding.
1:15 of 2nd period - Frans Nielsen wins face-off versus Matt Duchene in Predators zone.
3:09 of 2nd period - Rob Scuderi is hit by Alexander Edler and loses puck.
3:14 of 2nd period - Penalty to Vaclav Varada is over, Vaclav Varada is back on ice.
3:44 of 2nd period - Scottie Upshall is hit by John Moore and loses puck.
4:05 of 2nd period - Icing by Alexander Steen.
4:06 of 2nd period - Anze Kopitar wins face-off versus Chris Kelly in Predators zone.
4:25 of 2nd period - Andrew Cogliano is hit by Andrei Markov and loses puck.
4:44 of 2nd period - Andrei Markov is hit by Martin Samuelsson and loses puck.
4:55 of 2nd period - Adam Burish is hit by Johnny Oduya and loses puck.
4:59 of 2nd period - Icing by Adam Burish.
5:00 of 2nd period - Frans Nielsen wins face-off versus Anze Kopitar in Predators zone.
5:00 of 2nd period - Frans Nielsen is hit by Anze Kopitar.
5:08 of 2nd period - Snap shot by Alexander Ovechkin.
5:08 of 2nd period - Stopped by Jean-Sébastien Giguère without a rebound.
5:09 of 2nd period - Kris Vernarsky wins face-off versus Anze Kopitar in Kings zone.
5:10 of 2nd period - Snap shot by Alexander Steen.
5:10 of 2nd period - Shot Misses the Net.
5:28 of 2nd period - Wrist shot by Anze Kopitar.
5:28 of 2nd period - Stopped by Chad Johnson with a rebound.
5:30 of 2nd period - Snap shot by Johnny Oduya.
5:30 of 2nd period - Shot Misses the Net.
5:32 of 2nd period - Slapshot by Johnny Oduya.
5:32 of 2nd period - Deflect By Anze Kopitar.
5:32 of 2nd period - Shot Misses the Net.
5:32 of 2nd period - Puck is out of play.
5:33 of 2nd period - Matt Duchene wins face-off versus Frans Nielsen in Predators zone.
5:34 of 2nd period - Wrist shot by Andrew Cogliano.
5:34 of 2nd period - Stopped by Chad Johnson with a rebound.
5:36 of 2nd period - Wrist shot by Vladimir Tarasenko.
5:36 of 2nd period - Shot Misses the Net.
5:42 of 2nd period - Slapshot by Andrew Cogliano.
5:42 of 2nd period - Stopped by Chad Johnson with a rebound.
5:44 of 2nd period - Snap shot by Matt Duchene.
5:44 of 2nd period - Shot Blocked by Alexander Ovechkin.
5:46 of 2nd period - Wrist shot by Drew Doughty.
5:46 of 2nd period - Deflect By Andrew Cogliano.
5:46 of 2nd period - Shot Misses the Net.
5:46 of 2nd period - Puck is out of play.
5:47 of 2nd period - Anze Kopitar wins face-off versus Frans Nielsen in Predators zone.
5:48 of 2nd period - Snap shot by Daniel Briere.
5:48 of 2nd period - Stopped by Chad Johnson without a rebound.
5:49 of 2nd period - Frans Nielsen wins face-off versus Anze Kopitar in Predators zone.
5:59 of 2nd period - Slapshot by Adam Burish.
5:59 of 2nd period - Stopped by Jean-Sébastien Giguère with a rebound.
6:01 of 2nd period - Snap shot by Adam Burish.
6:01 of 2nd period - Stopped by Jean-Sébastien Giguère with a rebound.
6:03 of 2nd period - Wrist shot by Alexander Ovechkin.
6:03 of 2nd period - Shot Misses the Net.
6:05 of 2nd period - Snap shot by Frans Nielsen.
6:05 of 2nd period - Stopped by Jean-Sébastien Giguère with a rebound.
6:17 of 2nd period - Wrist shot by Andrew Cogliano.
6:17 of 2nd period - Stopped by Chad Johnson with a rebound.
6:39 of 2nd period - Snap shot by Erik Rasmussen.
6:39 of 2nd period - Deflect By James Van Riemsdyk.
6:39 of 2nd period - Shot Misses the Net.
6:39 of 2nd period - Puck is out of play.
6:40 of 2nd period - Jordan Nolan wins face-off versus Erik Rasmussen in Kings zone.
7:28 of 2nd period - Minor Penalty to Max Pacioretty for Goalie Interference.
7:29 of 2nd period - Greg Campbell wins face-off versus Frans Nielsen in Kings zone.
8:59 of 2nd period - Alexander Ovechkin is hit by Andrej Sekera.
9:09 of 2nd period - Christian Ehrhoff is hit by Andrew Cogliano and loses puck.
9:28 of 2nd period - Penalty to Max Pacioretty is over, Max Pacioretty is back on ice.
10:08 of 2nd period - Kris Vernarsky is hit by Johnny Oduya and loses puck.
10:39 of 2nd period - John Moore is hit by Andrew Cogliano and loses puck.
11:30 of 2nd period - Martin Samuelsson is hit by Frans Nielsen and loses puck.
11:41 of 2nd period - Josef Vasicek is hit by Jordan Nolan and loses puck.
12:00 of 2nd period - Anze Kopitar is hit by Andrei Markov and loses puck.
12:20 of 2nd period - Christian Ehrhoff is hit by Rob Scuderi and loses puck.
12:49 of 2nd period - Scottie Upshall is hit by Vaclav Varada.
12:59 of 2nd period - Ryan Mcdonagh is hit by Daniel Briere and loses puck.
13:57 of 2nd period - Snap shot by Anze Kopitar.
13:57 of 2nd period - Shot Misses the Net.
13:59 of 2nd period - Wrist shot by Daniel Briere.
13:59 of 2nd period - Stopped by Chad Johnson with a rebound.
14:37 of 2nd period - Snap shot by Vaclav Varada.
14:37 of 2nd period - Shot Misses the Net.
14:49 of 2nd period - Off-side.
14:50 of 2nd period - Frans Nielsen wins face-off versus Matt Duchene in neutral zone.
14:55 of 2nd period - Slapshot by Alexander Edler.
14:55 of 2nd period - Stopped by Jean-Sébastien Giguère without a rebound.
14:56 of 2nd period - Frans Nielsen wins face-off versus Matt Duchene in Kings zone.
14:57 of 2nd period - Wrist shot by Alexander Ovechkin.
14:57 of 2nd period - Shot Misses the Net.
14:59 of 2nd period - Slapshot by Alexander Edler.
14:59 of 2nd period - Shot Blocked by Jordan Leopold.
15:01 of 2nd period - Slapshot by Christian Ehrhoff.
15:01 of 2nd period - Deflect By Vladimir Tarasenko.
15:01 of 2nd period - Stopped by Jean-Sébastien Giguère without a rebound.
15:02 of 2nd period - Frans Nielsen wins face-off versus Matt Duchene in Kings zone.
15:09 of 2nd period - Wrist shot by Drew Doughty.
15:09 of 2nd period - Stopped by Chad Johnson without a rebound.
15:10 of 2nd period - Matt Duchene wins face-off versus Frans Nielsen in Predators zone.
15:35 of 2nd period - Snap shot by Frans Nielsen.
15:35 of 2nd period - Shot Blocked by Jordan Leopold.
16:02 of 2nd period - Wrist shot by Drew Doughty.
16:02 of 2nd period - Stopped by Chad Johnson without a rebound.
16:03 of 2nd period - Jordan Nolan wins face-off versus Kris Vernarsky in Predators zone.
16:18 of 2nd period - Slapshot by Alexander Steen.
16:18 of 2nd period - Shot Misses the Net.
16:30 of 2nd period - Eric Nystrom is hit by Martin Samuelsson and loses puck.
16:54 of 2nd period - Minor Penalty to Barret Jackman for Hooking.
16:55 of 2nd period - Alexander Ovechkin wins face-off versus Anze Kopitar in Predators zone.
17:11 of 2nd period - Slapshot by Anze Kopitar.
17:11 of 2nd period - Stopped by Chad Johnson with a rebound.
17:56 of 2nd period - Christian Ehrhoff is hit by Max Pacioretty and loses puck.
18:18 of 2nd period - Icing by Andrew Cogliano.
18:19 of 2nd period - Chris Kelly wins face-off versus Jordan Nolan in Kings zone.
18:24 of 2nd period - Wrist shot by Chris Kelly.
18:24 of 2nd period - Goal by Chris Kelly - Predators : 2 - Kings : 2.
18:25 of 2nd period - Alexander Ovechkin wins face-off versus Matt Duchene in neutral zone.
18:32 of 2nd period - Backhand shot by Alexander Edler.
18:32 of 2nd period - Stopped by Jean-Sébastien Giguère without a rebound.
18:33 of 2nd period - Frans Nielsen wins face-off versus Vladimir Tarasenko in Kings zone.
18:34 of 2nd period - Wrist shot by Alexander Ovechkin.
18:34 of 2nd period - Shot Blocked by Drew Doughty.
18:36 of 2nd period - Slapshot by Alexander Edler.
18:36 of 2nd period - Stopped by Jean-Sébastien Giguère with a rebound.
18:38 of 2nd period - Slapshot by Frans Nielsen.
18:38 of 2nd period - Goal by Frans Nielsen - Predators : 3 - Kings : 2.
18:39 of 2nd period - Matt Duchene wins face-off versus Frans Nielsen in neutral zone.
18:46 of 2nd period - Snap shot by Matt Duchene.
18:46 of 2nd period - Stopped by Chad Johnson without a rebound.
18:47 of 2nd period - Matt Duchene wins face-off versus Frans Nielsen in Predators zone.
18:54 of 2nd period - Penalty to Barret Jackman is over, Barret Jackman is back on ice.
19:03 of 2nd period - Off-side.
19:04 of 2nd period - Jordan Nolan wins face-off versus Kris Vernarsky in neutral zone.
19:29 of 2nd period - Andrew Cogliano is hit by Alexander Edler and loses puck.
Goals for this period are 2 for Predators vs 0 for Kings.
Shots for this period are 10 for Predators vs 11 for Kings.

3rd period


0:01 of 3rd period - Matt Duchene wins face-off versus Frans Nielsen in neutral zone.
0:12 of 3rd period - Wrist shot by Frans Nielsen.
0:12 of 3rd period - Stopped by Jean-Sébastien Giguère with a rebound.
0:26 of 3rd period - Jordan Leopold is hit by Alexander Steen.
0:39 of 3rd period - Off-side.
0:40 of 3rd period - Eric Nystrom wins face-off versus Scottie Upshall in neutral zone.
0:45 of 3rd period - Slapshot by Andrei Markov.
0:45 of 3rd period - Stopped by Jean-Sébastien Giguère without a rebound.
0:46 of 3rd period - Chris Kelly wins face-off versus Jordan Nolan in Kings zone.
0:48 of 3rd period - Minor Penalty to Andrej Sekera for Hooking.
0:49 of 3rd period - Greg Campbell wins face-off versus Frans Nielsen in Kings zone.
0:49 of 3rd period - Greg Campbell is hit by Adam Burish.
0:52 of 3rd period - Minor Penalty to Greg Campbell for Hooking.
0:53 of 3rd period - Jordan Nolan wins face-off versus Frans Nielsen in Kings zone.
0:53 of 3rd period - Jordan Nolan is hit by Adam Burish.
1:02 of 3rd period - Slapshot by Christian Ehrhoff.
1:02 of 3rd period - Deflect By Alexander Ovechkin.
1:02 of 3rd period - Stopped by Jean-Sébastien Giguère with a rebound.
1:56 of 3rd period - Johnny Oduya is hit by Andrei Markov and loses puck.
2:48 of 3rd period - Penalty to Andrej Sekera is over, Andrej Sekera is back on ice.
2:52 of 3rd period - Penalty to Greg Campbell is over, Greg Campbell is back on ice.
3:17 of 3rd period - Slapshot by Drew Doughty.
3:17 of 3rd period - Stopped by Chad Johnson without a rebound.
3:18 of 3rd period - Chris Kelly wins face-off versus Jordan Nolan in Predators zone.
3:43 of 3rd period - Kris Vernarsky is hit by Anze Kopitar and loses puck.
4:33 of 3rd period - Snap shot by Alexander Edler.
4:33 of 3rd period - Stopped by Jean-Sébastien Giguère without a rebound.
4:34 of 3rd period - Michael Grabner wins face-off versus Jordan Nolan in Kings zone.
4:39 of 3rd period - Snap shot by Eric Nystrom.
4:39 of 3rd period - Stopped by Jean-Sébastien Giguère without a rebound.
4:40 of 3rd period - Alexander Ovechkin wins face-off versus Jordan Nolan in Kings zone.
5:09 of 3rd period - Matt Duchene is hit by Barret Jackman and loses puck.
5:49 of 3rd period - Alexander Edler is hit by Johnny Oduya and loses puck.
5:58 of 3rd period - Vaclav Varada is hit by Jordan Leopold and loses puck.
6:50 of 3rd period - Icing by Drew Doughty.
6:51 of 3rd period - Chris Kelly wins face-off versus Anze Kopitar in Kings zone.
7:16 of 3rd period - Matt Duchene is hit by John Moore and loses puck.
7:21 of 3rd period - Wrist shot by Alexander Ovechkin.
7:21 of 3rd period - Deflect By Frans Nielsen.
7:21 of 3rd period - Stopped by Jean-Sébastien Giguère with a rebound.
7:23 of 3rd period - Slapshot by Ryan Mcdonagh.
7:23 of 3rd period - Shot Misses the Net.
7:25 of 3rd period - Snap shot by Frans Nielsen.
7:25 of 3rd period - Goal by Frans Nielsen - Predators : 4 - Kings : 2.
7:26 of 3rd period - Frans Nielsen wins face-off versus Matt Duchene in neutral zone.
7:33 of 3rd period - Snap shot by Alexander Ovechkin.
7:33 of 3rd period - Stopped by Jean-Sébastien Giguère with a rebound.
7:35 of 3rd period - Slapshot by Alexander Edler.
7:35 of 3rd period - Deflect By Alexander Ovechkin.
7:35 of 3rd period - Stopped by Jean-Sébastien Giguère without a rebound.
7:36 of 3rd period - Frans Nielsen wins face-off versus Matt Duchene in Kings zone.
7:53 of 3rd period - Andrej Sekera is hit by Alexander Ovechkin and loses puck.
8:00 of 3rd period - Slapshot by Alexander Ovechkin.
8:00 of 3rd period - Deflect By Frans Nielsen.
8:00 of 3rd period - Stopped by Jean-Sébastien Giguère with a rebound.
8:11 of 3rd period - Off-side.
8:12 of 3rd period - Kris Vernarsky wins face-off versus Anze Kopitar in neutral zone.
9:02 of 3rd period - Snap shot by Greg Campbell.
9:02 of 3rd period - Shot Misses the Net.
9:46 of 3rd period - Wrist shot by Matt Duchene.
9:46 of 3rd period - Stopped by Chad Johnson with a rebound.
9:48 of 3rd period - Wrist shot by Max Pacioretty.
9:48 of 3rd period - Stopped by Chad Johnson with a rebound.
9:50 of 3rd period - Slapshot by Daniel Briere.
9:50 of 3rd period - Stopped by Chad Johnson without a rebound.
9:51 of 3rd period - Anze Kopitar wins face-off versus Kris Vernarsky in Predators zone.
9:55 of 3rd period - Minor Penalty to Kris Vernarsky for Roughing.
9:56 of 3rd period - Frans Nielsen wins face-off versus Vladimir Tarasenko in Predators zone.
11:55 of 3rd period - Penalty to Kris Vernarsky is over, Kris Vernarsky is back on ice.
12:01 of 3rd period - Alexander Ovechkin is hit by Daniel Briere.
12:19 of 3rd period - Wrist shot by Greg Campbell.
12:19 of 3rd period - Stopped by Chad Johnson without a rebound.
12:20 of 3rd period - Greg Campbell wins face-off versus Chris Kelly in Predators zone.
12:21 of 3rd period - Slapshot by Shane Doan.
12:21 of 3rd period - Stopped by Chad Johnson without a rebound.
12:22 of 3rd period - Anze Kopitar wins face-off versus Chris Kelly in Predators zone.
12:35 of 3rd period - Slapshot by Daniel Briere.
12:35 of 3rd period - Shot Misses the Net.
12:47 of 3rd period - Josef Vasicek is hit by Jordan Nolan and loses puck.
13:14 of 3rd period - Erik Rasmussen is hit by Andrew Cogliano and loses puck.
13:31 of 3rd period - Alexander Edler is hit by Daniel Briere and loses puck.
13:54 of 3rd period - James Van Riemsdyk is hit by Shane Doan and loses puck.
14:09 of 3rd period - Slapshot by Ryan Mcdonagh.
14:09 of 3rd period - Shot Misses the Net.
14:11 of 3rd period - Wrist shot by Erik Rasmussen.
14:11 of 3rd period - Shot Misses the Net.
14:13 of 3rd period - Wrist shot by James Van Riemsdyk.
14:13 of 3rd period - Stopped by Jean-Sébastien Giguère without a rebound.
14:14 of 3rd period - Jordan Nolan wins face-off versus Frans Nielsen in Kings zone.
14:14 of 3rd period - Jordan Nolan is hit by Frans Nielsen.
15:05 of 3rd period - Wrist shot by Eric Nystrom.
15:05 of 3rd period - Shot Misses the Net.
15:25 of 3rd period - Snap shot by Greg Campbell.
15:25 of 3rd period - Stopped by Chad Johnson without a rebound.
15:26 of 3rd period - Greg Campbell wins face-off versus Frans Nielsen in Predators zone.
15:33 of 3rd period - Jordan Leopold is hit by Frans Nielsen and loses puck.
16:26 of 3rd period - Slapshot by Alexander Edler.
16:26 of 3rd period - Stopped by Jean-Sébastien Giguère with a rebound.
16:28 of 3rd period - Slapshot by Christian Ehrhoff.
16:28 of 3rd period - Deflect By Chris Kelly.
16:28 of 3rd period - Shot Blocked by Jordan Nolan.
16:28 of 3rd period - Puck is out of play.
16:29 of 3rd period - Jordan Nolan wins face-off versus Chris Kelly in Kings zone.
17:06 of 3rd period - Minor Penalty to Jonas Hoglund for Slashing.
17:07 of 3rd period - Greg Campbell wins face-off versus Adam Burish in Kings zone.
17:12 of 3rd period - Minor Penalty to Frans Nielsen for Hooking.
17:13 of 3rd period - Kris Vernarsky wins face-off versus Anze Kopitar in Predators zone.
17:22 of 3rd period - Slapshot by Drew Doughty.
17:22 of 3rd period - Shot Blocked by Ryan Mcdonagh.
17:24 of 3rd period - Slapshot by Drew Doughty.
17:24 of 3rd period - Shot Misses the Net.
17:26 of 3rd period - Snap shot by Anze Kopitar.
17:26 of 3rd period - Shot Misses the Net.
17:28 of 3rd period - Snap shot by Anze Kopitar.
17:28 of 3rd period - Shot Blocked by Alexander Edler.
17:38 of 3rd period - Jordan Leopold is hit by Josef Vasicek.
18:04 of 3rd period - Snap shot by Matt Duchene.
18:04 of 3rd period - Shot Misses the Net.
18:10 of 3rd period - Slapshot by Christian Ehrhoff.
18:10 of 3rd period - Shot Misses the Net.
18:58 of 3rd period - Alexander Edler is hit by Matt Duchene and loses puck.
19:06 of 3rd period - Penalty to Jonas Hoglund is over, Jonas Hoglund is back on ice.
19:12 of 3rd period - Penalty to Frans Nielsen is over, Frans Nielsen is back on ice.
19:45 of 3rd period - Daniel Briere is hit by Barret Jackman and loses puck.
Goals for this period are 1 for Predators vs 0 for Kings.
Shots for this period are 12 for Predators vs 7 for Kings.